 Dungeon Crawl Stone Soup version 0.28.0 (webtiles) character file.

Game seed: 10232782376758444484

186913 blackman the Bludgeoner (level 18, -8/142 HPs)
             Began as a Human Monk on Feb 5, 2022.
             Was the Champion of Nemelex Xobeh.
             Mangled by Donald (25 damage)
             ... on level 1 of the Shoals.
             The game lasted 02:54:24 (51730 turns).

blackman the Bludgeoner (Human Monk)               Turns: 51730, Time: 02:54:25

Health: -8/142     AC: 37    Str: 23    XL:     18   Next: 71%
Magic:  29/29      EV: 10    Int: 11    God:    Nemelex Xobeh [******]
Gold:   1039       SH: 20    Dex: 18    Spells: 17/17 levels left

rFire   . . .      SeeInvis .   a - +2 morningstar (vorpal)
rCold   + . .      Faith    .   b - +1 tower shield
rNeg    . . .      Spirit   .   q - +8 plate armour "Eroerala" {-Cast rC+ Regen+ Str+6}
rPois   +          Reflect  .   M - +2 helmet
rElec   .          Harm     .   S - +2 cloak {Will+}
rCorr   .          Rampage  .   (no gloves)
Will    ++...      NoCast   +   Q - +2 pair of boots
Stlth   ..........              X - amulet of magic regeneration
HPRegen 1.13/turn               e - +4 ring of protection
MPRegen 0.61/turn               z - ring of poison resistance

@: no status effects
A: no striking features
}: 1/15 runes: serpentine
a: Renounce Religion, Draw Escape, Draw Destruction, Draw Summoning, Draw Stack,
Triple Draw, Deal Four, Stack Five


You were on level 1 of the Shoals.
You worshipped Nemelex Xobeh.
Nemelex Xobeh was exalted by your worship.
You visited 5 branches of the dungeon, and saw 28 of its levels.
You visited the Abyss 1 time.

You collected 2732 gold pieces.
You spent 1693 gold pieces at shops.

Inventory:

Hand Weapons
 a - a +2 vorpal morningstar (weapon)
 P - a +1 flail of holy wrath
Missiles
 c - 182 sling bullets
 m - 46 poisoned darts (quivered)
 J - 2 throwing nets
 R - 4 silver javelins
 U - 4 curare-tipped darts
Armour
 b - a +1 tower shield (worn)
 l - a +2 buckler of reflection
 q - the +8 plate armour "Eroerala" (worn) {-Cast rC+ Regen+ Str+6}
   (You bought it in a shop on level 4 of the Dungeon)

   Str:       It affects your strength (+6).
   rC:        It protects you from cold.
   -Cast:     It prevents spellcasting.
   Regen:     It increases your rate of health regeneration.
 M - a +2 helmet (worn)
 Q - a +2 pair of boots (worn)
 S - a +2 cloak of willpower (worn)
Jewellery
 e - a +4 ring of protection (left hand)
 i - a ring of see invisible
 o - a +4 ring of evasion
 z - a ring of poison resistance (right hand)
 G - a +6 ring of dexterity
 N - a +4 ring of protection
 X - an amulet of magic regeneration (around neck)
Wands
 g - a wand of paralysis (6)
 p - a wand of iceblast (13)
 w - a wand of mindburst (13)
 x - a wand of acid (7)
 A - a wand of digging (7)
 V - a wand of flame (16)
Scrolls
 d - 4 scrolls of teleportation
 f - 3 scrolls of holy word
 s - 5 scrolls of blinking
 u - a scroll of enchant weapon {unknown}
 v - 2 scrolls of fog
 y - 5 scrolls of fear
 B - 5 scrolls of amnesia
 D - 3 scrolls of silence
 H - 2 scrolls of brand weapon
 K - 2 scrolls of torment
 W - 2 scrolls of vulnerability
 Z - 6 scrolls of identify
Potions
 h - 4 potions of brilliance
 j - 6 potions of curing
 k - 2 potions of degeneration
 n - 4 potions of might
 r - 3 potions of magic
 t - 3 potions of invisibility
 C - 5 potions of lignification
 F - 7 potions of mutation
 I - 2 potions of cancellation
 L - 3 potions of berserk rage
 O - 2 potions of attraction
 T - 3 potions of haste {unknown}
 Y - a potion of ambrosia
Miscellaneous
 E - a box of beasts


   Skills:
 - Level 12.6 Fighting
 - Level 4.9(11.2) Axes
 + Level 15.4(15.8) Maces & Flails
 - Level 10.2 Armour
 - Level 10.0 Dodging
 - Level 2.0 Stealth
 * Level 14.2 Shields
 - Level 15.3 Invocations
 - Level 9.4 Evocations


You had 17 spell levels left.
You didn't know any spells.
Your spell library contained the following spells:

 Spells                   Type           Power      Damage    Failure   Level
 Beastly Appendage        Tmut           0%         N/A       100%        1
 Freeze                   Ice            0%         1d3       100%        1
 Magic Dart               Conj           0%         1d3       100%        1
 Sandblast                Erth           0%         2d4       100%        1
 Corpse Rot               Necr/Air       0%         N/A       100%        2
 Passwall                 Tmut/Erth      0%         N/A       100%        2
 Searing Ray              Conj           0%         2d4       100%        2
 Static Discharge         Conj/Air       0%         N/A       100%        2
 Wereblood                Tmut           0%         N/A       100%        2
 Confusing Touch          Hex            0%         N/A       100%        3
 Conjure Flame            Conj/Fire      0%         6-21      100%        3
 Dazzling Flash           Conj/Hex       0%         N/A       100%        3
 Frozen Ramparts          Ice            0%         1d2       100%        3
 Ignite Poison            Fire/Tmut/Pois 0%         N/A       100%        3
 Spider Form              Tmut/Pois      0%         N/A       100%        3
 Stone Arrow              Conj/Erth      0%         3d7       100%        3
 Vampiric Draining        Necr           0%         2d6       100%        3
 Anguish                  Hex/Necr       0%         N/A       100%        4
 Animate Dead             Necr           0%         N/A       100%        4
 Dispel Undead            Necr           0%         3d6       100%        4
 Fulminant Prism          Conj/Hex       0%         3d6       100%        4
 Hailstorm                Conj/Ice       0%         3d3       100%        4
 Iskenderun's Mystic Bla  Conj/Tloc      0%         2d3       100%        4
 Leda's Liquefaction      Hex/Erth       0%         N/A       100%        4
 Sticky Flame             Conj/Fire      0%         2d3       100%        4
 Borgnjor's Vile Clutch   Necr/Erth      0%         N/A       100%        5
 Excruciating Wounds      Necr           0%         N/A       100%        5
 Lee's Rapid Deconstruct  Erth           0%         3d5*      100%        5
 Yara's Violent Unravell  Hex/Tmut       0%         3d3       100%        5
 Death Channel            Necr           0%         N/A       100%        6
 Starburst                Conj/Fire      0%         6d3       100%        6
 Statue Form              Tmut/Erth      0%         N/A       100%        6
 Enfeeble                 Hex            0%         N/A       100%        7
 Malign Gateway           Summ/Tloc      0%         N/A       100%        7
 Borgnjor's Revivificati  Necr           0%         N/A       100%        8
 Necromutation            Tmut/Necr      0%         N/A       100%        8
 Summon Horrible Things   Summ           0%         N/A       100%        8
 Death's Door             Necr           0%         N/A       100%        9


Dungeon Overview and Level Annotations

Branches:
Dungeon (15/15)            Temple (0/1) D:6            Lair (6/6) D:11
 Shoals (1/4) Lair:2        Snake (4/4) Lair:2        Slime (0/5) Lair:6
    Orc (2/2) D:9             Elf (0/3) Orc:2        Vaults (0/5) D:13
 Depths (0/4) D:15

Altars:
Cheibriados
Elyvilon
Hepliaklqana
Kikubaaqudgha
Makhleb
Nemelex Xobeh
Okawaru
Qazlal
Vehumet
Xom
Beogh
Lugonu

Shops:
D:4 [   D:15 (   Orc:2 =[??   Shoals:1 *   Snake:3 ?[[(

Portals:
Abyss: Lair:6

Annotations:
D:12 Gastronok
D:14 Roxanne
Lair:6 exclusion: oklob plant
Shoals:1 Donald
Snake:2 3 runed translucent doors, Akuuror's ghost, adept GrFi


Message History

You are too injured to fight recklessly!
You are too injured to fight recklessly!
You are too injured to fight recklessly!
Donald blocks your attack.
Donald is almost dead.
You block Donald's attack.
Donald says, "I don't understand half of what these people say.
It's all Greek to me."
You block Donald's attack. Donald blocks your attack.
Donald is almost dead.
You block Donald's attack.
You hit Donald but do no damage.
Donald is almost dead.
Donald barely misses you. Donald blocks your attack.
Donald is almost dead.
Donald hits you with a +4 broad axe of electrocution!
You block Donald's attack. Donald blocks your attack.
Donald is almost dead.
You block Donald's attack. Donald blocks your attack.
Donald is almost dead.
You block Donald's attack. Donald blocks your attack.
Donald is almost dead.
You block Donald's attack.
Donald says, "Those krakens don't even look real."
Donald hits you with a +4 broad axe of electrocution!
You barely miss Donald.
Donald is almost dead.
Donald hits you with a +4 broad axe of electrocution!!
* * * LOW HITPOINT WARNING * * *
You are electrocuted!
* * * LOW HITPOINT WARNING * * *
Donald blocks your attack.
Donald is almost dead.
Donald hits you with a +4 broad axe of electrocution!!
You die...
Your body disappears without a glow.

.P.........≈≈≈...##...≈≈≈≈≈≈≈≈≈≈≈
......(...≈≈≈≈≈.#####.≈≈≈≈≈≈≈≈≈≈≈
.........≈≈≈≈≈≈≈.## #..≈≈≈≈≈≈≈≈≈≈
P≈P...<..≈≈≈≈≈≈≈..###.(≈≈≈≈≈≈≈≈≈
#..≈≈(≈..≈≈≈≈≈≈≈......≈≈≈≈≈##.≈
#...≈≈≈≈≈≈≈≈≈≈≈≈^.≈≈..≈≈≈≈.#
.......≈≈≈≈≈≈≈≈≈≈.≈≈.≈≈≈≈≈....
..≈....≈≈≈≈≈≈≈≈≈..≈≈.≈≈≈≈..≈..
...≈≈.≈≈≈≈≈≈≈≈≈.@.^..≈≈.###.≈≈
≈≈.≈≈.≈≈≈≈≈≈≈≈≈@###..≈).# .≈≈
≈..≈≈≈≈≈.≈≈≈≈≈≈.# #....... ..
≈..≈≈≈≈≈≈≈≈≈≈≈≈.# #....≈..
≈≈≈≈≈≈≈≈≈≈≈≈≈≈≈.. ..≈
≈≈≈≈≈≈≈≈≈≈≈≈≈≈≈≈. ≈≈≈
≈≈≈≈≈≈≈≈≈≈≈≈≈≈≈≈ ≈≈≈≈≈≈≈≈≈≈≈≈≈≈≈≈
≈≈≈≈≈≈≈≈≈≈≈≈


You could see Donald (fast, strong).

Vanquished Creatures
  Kirke (Snake:4)
  A fenstrider witch (D:15)
  A tengu reaver (D:15)
  4 nagarajas
  A balrug (Abyss:2)
  A very ugly thing (D:14)
  Nessos (D:12)
  Azrael (D:12)
  A rakshasa (D:14)
  9 naga warriors
  Erolcha (Orc:2)
  13 hydras
  4 catoblepae
  2 centaur warriors
  2 ogre magi (Orc:2)
  A death knight (D:13)
  4 death yaks
  7 two-headed ogres
  6 anacondas
  Urug (Lair:3)
  7 shock serpents
  4 naga sharpshooters
  7 thrashing horrors
  3 salamander mystics
  Nergalle (D:11)
  A sixfirhy (Abyss:2)
  2 skeletal warriors (D:15)
  2 wretched stars (Abyss:2)
  7 sea snakes
  A death drake (D:15)
  A steelbarb worm (Snake:3)
  2 phantasmal warriors (D:15)
  A swamp dragon (Snake:2)
  9 naga ritualists
  10 mana vipers
  2 orc knights (Orc:2)
  A sphinx zombie (D:15)
  A wizard (D:13)
  2 necromancers
  13 harpies
  7 manticores
  8 orc sorcerers (Orc:2)
  9 ugly things
  4 cyclopes
  3 moths of wrath (Shoals:1)
  7 fauns (Shoals:1)
  A deep elf pyromancer (D:14)
  A manticore (shapeshifter) (Lair:6)
  A worldbinder (Abyss:2)
  10 salamanders
  A stone giant skeleton (D:15)
  A moth of wrath (shapeshifter) (Lair:6)
  10 elephants
  A water nymph (Shoals:1)
  3 guardian serpents
  26 black mambas
  2 smoke demons (Lair:6)
  14 naga magi
  10 cane toads
  A cane toad (shapeshifter) (D:15)
  4 gargoyles
  2 freezing wraiths
  A spriggan zombie (D:15)
  9 komodo dragons
  5 kobold demonologists
  Psyche (D:10)
  A yaktaur (D:15)
  3 ancient zymes
  A tengu conjurer (D:9)
  9 trolls
  6 meliai
  A tyrant leech (shapeshifter) (D:15)
  A harpy zombie (Abyss:2)
  4 merfolk
  3 polar bears (Lair:6)
  A raiju (Abyss:2)
  3 hornets
  A tarantella (Shoals:1)
  5 slime creatures
  2 dream sheep (Lair:6)
  A snapping turtle (Shoals:1)
  20 blink frogs
  A centaur simulacrum (D:14)
  2 flying skulls (Abyss:2)
  10 spriggans
  A shadow (D:9)
  7 wyverns
  A spriggan skeleton (D:15)
  Sigmund (D:3)
  A shapeshifter (Snake:4)
  4 water elementals
  10 small abominations
  2 ynoxinuls
  33 yaks
  A vampire (D:11)
  A fire bat (Snake:2)
  2 fire elementals (D:12)
  3 wraiths
  8 basilisks
  A golden eye (Snake:2)
  A neqoxec (Abyss:2)
  10 vampire mosquitoes
  42 nagas
  A redback (shapeshifter) (D:14)
  2 large abominations
  2 wargs
  Edmund (D:5)
  An acid dragon (D:9)
  4 hell hounds
  12 water moccasins
  15 orc warriors
  A swamp drake (Snake:3)
  An ice beast (Snake:4)
  A black bear (shapeshifter) (D:15)
  A hornet zombie (D:6)
  A necrophage (D:7)
  3 black bears
  6 wolves
  12 ogres
  A boggart (Snake:3)
  10 centaurs
  2 phantoms
  7 kobold brigands
  5 bullfrogs
  A gnoll sergeant (D:9)
  2 scorpions
  11 killer bees
  6 wights
  5 electric eels
  5 howler monkeys
  A bullfrog zombie (D:5)
  5 centaur zombies
  2 hounds
  18 orc priests
  A jelly (D:5)
  2 bullfrog skeletons
  3 gnoll shamans
  Jessica (D:3)
  A centaur skeleton (D:7)
  45 orc wizards
  2 iguanas
  A hound skeleton (D:4)
  2 howler monkey zombies
  Robin (D:3)
  10 gnolls
  A howler monkey skeleton (D:6)
  6 adders
  A shadow imp (Abyss:2)
  3 white imps
  An ufetubus (D:4)
  A worm (D:2)
  2 dart slugs
  68 orcs
  4 endoplasms
  7 giant cockroaches
  14 goblins
  7 hobgoblins
  7 jackals
  18 kobolds
  7 quokkas
  8 ball pythons
  7 bats
  2 frilled lizards
  13 rats
  A spectral hobgoblin (D:12)
877 creatures vanquished.

Vanquished Creatures (collateral kills)
  Rupert (D:15)
  A storm dragon (D:15)
  A tengu reaver (D:15)
  Louise (D:15)
  A great orb of eyes (Abyss:2)
  2 hydras (Lair:6)
  A jorogumo (Snake:3)
  A death knight (Abyss:2)
  4 death yaks (Lair:6)
  2 large abominations (Abyss:2)
  A worldbinder (Abyss:2)
  A smoke demon (Abyss:2)
  A cane toad (Lair:4)
  3 yaktaurs (D:15)
  A rime drake (Lair:6)
  A freezing wraith (D:13)
  2 komodo dragons
  A polar bear (Lair:6)
  2 blink frogs (Lair:4)
  3 dream sheep (Lair:6)
  A flying skull (D:15)
  A bullfrog (Lair:4)
  A small abomination (Abyss:2)
34 creatures vanquished.

Vanquished Creatures (others)
  A naga warrior (Snake:3)
  A two-headed ogre (D:9)
  A black mamba (Snake:1)
  A naga (Snake:2)
  A wolf (Lair:2)
  An orc wizard (Orc:2)
  10 foxfires (Abyss:2)
  43 fungi
  115 plants
  12 withered plants (D:15)
186 creatures vanquished.

Grand Total: 1097 creatures vanquished

Notes
Turn   | Place    | Note
-------+----------+-------------------------------------------
     0 | D:1      | blackman the Human Monk began the quest for the Orb.
     0 | D:1      | Reached XP level 1. HP: 18/18 MP: 1/1
   225 | D:1      | Reached XP level 2. HP: 20/24 MP: 2/2
   752 | D:1      | Reached XP level 3. HP: 29/29 MP: 3/3
   819 | D:1      | Found a faded altar of an unknown god.
   848 | D:1      | Prayed at the altar of an unknown god.
   848 | D:1      | Became a worshipper of Nemelex Xobeh the Trickster
   848 | D:1      | Reached * piety under Nemelex Xobeh
   848 | D:1      | Received a gift from Nemelex Xobeh
   848 | D:1      | Reached ** piety under Nemelex Xobeh
   848 | D:1      | Received a gift from Nemelex Xobeh
   993 | D:1      | Reached *** piety under Nemelex Xobeh
  2094 | D:2      | Reached XP level 4. HP: 35/35 MP: 4/4
  2479 | D:2      | Found a runed translucent door.
  2480 | D:2      | Noticed Crazy Yiuf
  2633 | D:2      | Noticed Crazy Yiuf
  2633 | D:2      | Crazy Yiuf changed into Crazy Yiuf the killer bee
  2648 | D:2      | Killed Crazy Yiuf the killer bee
  2649 | D:2      | Reached XP level 5. HP: 13/41 MP: 5/5
  2955 | D:3      | Noticed Robin
  2998 | D:3      | Killed Robin
  3114 | D:3      | Found a snail-covered altar of Cheibriados.
  3150 | D:3      | Received a gift from Nemelex Xobeh
  3280 | D:3      | Noticed Jessica
  3299 | D:3      | Killed Jessica
  3360 | D:3      | Noticed Sigmund
  3362 | D:3      | Killed Sigmund
  3363 | D:3      | Reached XP level 6. HP: 31/47 MP: 6/6
  3744 | D:3      | Received a gift from Nemelex Xobeh
  3779 | D:3      | Reached **** piety under Nemelex Xobeh
  3974 | D:3      | Reached skill level 5 in Maces & Flails
  4145 | D:4      | Reached XP level 7. HP: 52/52 MP: 7/7
  4513 | D:4      | Found Ebbyin's Antique Armour Emporium.
  4793 | D:5      | Entered Level 5 of the Dungeon
  4848 | D:5      | Reached XP level 8. HP: 28/58 MP: 8/8
  5155 | D:5      | Received a gift from Nemelex Xobeh
  5164 | D:5      | Reached ***** piety under Nemelex Xobeh
  5292 | D:5      | Noticed Edmund
  5296 | D:5      | Killed Edmund
  5481 | D:5      | Found a burning altar of Makhleb.
  5482 | D:5      | Found a white marble altar of Elyvilon.
  5653 | D:6      | Noticed a cyclops
  5657 | D:6      | Killed a cyclops
  5658 | D:6      | Reached XP level 9. HP: 45/63 MP: 9/9
  5685 | D:6      | Reached skill level 10 in Maces & Flails
  7518 | D:6      | Found a staircase to the Ecumenical Temple.
  7558 | D:7      | Received a gift from Nemelex Xobeh
  7645 | D:7      | Reached XP level 10. HP: 64/70 MP: 10/10
  9136 | D:8      | Found a sparkling altar of Nemelex Xobeh.
  9137 | D:8      | Found a shimmering altar of Xom.
  9138 | D:8      | Found an iron altar of Okawaru.
  9138 | D:8      | Found an ancient bone altar of Kikubaaqudgha.
  9638 | D:8      | Received a gift from Nemelex Xobeh
  9698 | D:8      | Reached skill level 1 in Armour
 10303 | D:9      | Noticed a two-headed ogre
 10306 | D:9      | Noticed a two-headed ogre
 10307 | D:9      | Killed a two-headed ogre
 10313 | D:9      | Killed a two-headed ogre
 10314 | D:9      | Reached skill level 5 in Fighting
 10314 | D:9      | Reached XP level 11. HP: 54/80 MP: 11/11
 10715 | D:9      | Noticed a two-headed ogre
 10716 | D:9      | Paralysed by a hornet for 2 turns
 10720 | D:9      | Banished a two-headed ogre
 11018 | D:9      | Found a staircase to the Orcish Mines.
 11140 | D:9      | Received a gift from Nemelex Xobeh
 11498 | D:9      | Noticed a two-headed ogre
 11499 | D:9      | Killed a two-headed ogre
 11744 | D:9      | Reached skill level 5 in Invocations
 12294 | D:10     | Entered Level 10 of the Dungeon
 12838 | D:10     | Noticed Psyche
 12840 | D:10     | Killed Psyche
 12859 | D:10     | Received a gift from Nemelex Xobeh
 13567 | D:11     | Noticed Nergalle
 13570 | D:11     | Killed Nergalle
 13571 | D:11     | Reached XP level 12. HP: 92/92 MP: 18/18
 14028 | D:11     | Received a gift from Nemelex Xobeh
 14233 | D:11     | Reached ****** piety under Nemelex Xobeh
 14456 | D:11     | Found a staircase to the Lair.
 14876 | D:11     | Reached skill level 10 in Invocations
 15348 | D:12     | Noticed Gastronok
 15967 | D:12     | Noticed Azrael
 15968 | D:12     | Noticed a two-headed ogre
 16427 | Lair:1   | Entered Level 1 of the Lair of Beasts
 16830 | Lair:1   | Noticed a seven-headed hydra
 16839 | Lair:1   | Killed a seven-headed hydra
 17248 | Lair:1   | Reached skill level 5 in Armour
 17348 | Lair:1   | Noticed a four-headed hydra
 17359 | Lair:1   | Killed a four-headed hydra
 18061 | Lair:1   | Received a gift from Nemelex Xobeh
 18911 | Lair:2   | Found a staircase to the Snake Pit.
 18922 | Lair:2   | Reached XP level 13. HP: 93/101 MP: 21/21
 18971 | Lair:2   | Received a gift from Nemelex Xobeh
 19029 | Lair:2   | Found a staircase to the Shoals.
 19196 | Lair:2   | Received a gift from Nemelex Xobeh
 19298 | Lair:2   | Noticed an eight-headed hydra
 19302 | Lair:2   | Killed an eight-headed hydra
 20157 | Snake:1  | Entered Level 1 of the Snake Pit
 20157 | Snake:1  | Noticed a naga warrior
 20205 | Lair:3   | Received a gift from Nemelex Xobeh
 20539 | Lair:3   | Reached skill level 10 in Fighting
 20887 | Lair:3   | Noticed a five-headed hydra
 20889 | Lair:3   | Killed a five-headed hydra
 20967 | Lair:3   | Noticed a six-headed hydra
 20974 | Lair:3   | Killed a six-headed hydra
 21551 | Lair:3   | Noticed Urug
 21614 | Lair:3   | Noticed a catoblepas
 21617 | Lair:3   | Killed a catoblepas
 21631 | Lair:3   | Killed Urug
 21638 | Lair:3   | Received a gift from Nemelex Xobeh
 22507 | Lair:4   | Received a gift from Nemelex Xobeh
 22555 | Lair:4   | Reached skill level 1 in Shields
 22711 | Lair:4   | Noticed a six-headed hydra
 22717 | Lair:4   | Killed a six-headed hydra
 22922 | Lair:4   | Received a gift from Nemelex Xobeh
 23158 | Lair:4   | Reached skill level 10 in Armour
 23425 | Lair:4   | Reached XP level 14. HP: 78/111 MP: 22/22
 24038 | Lair:4   | Received a gift from Nemelex Xobeh
 24249 | Lair:4   | Received a gift from Nemelex Xobeh
 24690 | Lair:5   | Reached skill level 1 in Evocations
 25019 | Lair:5   | You fall into a shaft and drop 1 floor!
 25019 | Lair:6   | Entered Level 6 of the Lair of Beasts
 25035 | Lair:6   | Received a gift from Nemelex Xobeh
 25059 | Lair:6   | Reached skill level 5 in Evocations
 26503 | Lair:5   | Received a gift from Nemelex Xobeh
 27027 | Lair:5   | Received a gift from Nemelex Xobeh
 27231 | Lair:5   | Identified the +4 flail of Dechyise {flame, rElec rC++
                  | Str-5 Dex+2}
 27856 | Lair:6   | Received a gift from Nemelex Xobeh
 27864 | Lair:6   | Found a staircase to the Slime Pits.
 28091 | Lair:6   | Reached XP level 15. HP: 82/117 MP: 24/24
 28821 | Lair:6   | Identified the +8 glaive of Bodily Humours {flame, rElec
                  | rPois rCorr}
 29164 | Lair:6   | Found a corrupted altar of Lugonu.
 29164 | Lair:6   | Found a one-way gate to the infinite horrors of the Abyss.
 29674 | Lair:5   | Identified the -3 pair of gloves "Cill" {Dex+4 SInv}
 29855 | Orc:1    | Entered Level 1 of the Orcish Mines
 30668 | D:4      | Bought a brightly glowing plate armour for 756 gold pieces
 30668 | D:4      | Identified the +8 plate armour "Eroerala" {-Cast rC+ Regen+
                  | Str+6} (You bought it in a shop on level 4 of the Dungeon)
 31136 | Orc:2    | Entered Level 2 of the Orcish Mines
 31280 | Orc:2    | Reached skill level 5 in Shields
 31541 | Orc:2    | Found Sugeis's Magic Scroll Shop.
 31575 | Orc:2    | Bought a scroll of acquirement for 832 gold pieces
 31575 | Orc:2    | Bought a scroll of teleportation for 48 gold pieces
 31578 | Orc:2    | Acquired 259 gold pieces
 31594 | Orc:2    | Found an ancient bone altar of Kikubaaqudgha.
 31595 | Orc:2    | Received a gift from Nemelex Xobeh
 31628 | Orc:2    | Noticed Erolcha
 31638 | Orc:2    | Reached skill level 5 in Dodging
 31638 | Orc:2    | Killed Erolcha
 31639 | Orc:2    | Found Zyist's Magic Scroll Boutique.
 31655 | Orc:2    | Found Biaco's Antique Armour Shop.
 31702 | Orc:2    | Found a radiant altar of Vehumet.
 31739 | Orc:2    | Found Ijoy's Jewellery Boutique.
 31968 | Orc:2    | Found a staircase to the Elven Halls.
 32628 | D:12     | Killed Azrael
 32983 | D:12     | Noticed Nessos
 32996 | D:12     | Killed Nessos
 33010 | D:12     | Found a hazy altar of Hepliaklqana.
 33764 | D:13     | Found a stormy altar of Qazlal.
 33860 | D:13     | Identified the -1 hand axe "Beastslayer" {venom, Dex+2}
 34222 | D:13     | Found a gate to the Vaults.
 34248 | D:13     | Reached XP level 16. HP: 96/124 MP: 26/26
 34771 | D:14     | Received a gift from Nemelex Xobeh
 35067 | D:14     | Found a frozen archway.
 35446 | D:14     | Identified Roxanne's Incunabulum of Clay
 35446 | D:14     | Noticed Roxanne
 35627 | D:14     | Received a gift from Nemelex Xobeh
 35836 | D:14     | Received a gift from Nemelex Xobeh
 36192 | D:15     | Entered Level 15 of the Dungeon
 36310 | D:15     | Noticed a storm dragon
 36312 | D:15     | Noticed a tengu reaver
 36318 | D:15     | Noticed a tengu reaver
 36414 | D:15     | Noticed a tengu reaver
 36415 | D:15     | Killed a tengu reaver
 36436 | D:15     | Noticed a fenstrider witch
 36436 | D:15     | a tengu reaver changed into a fenstrider witch
 36438 | D:15     | Killed a fenstrider witch
 36450 | D:15     | Killed a storm dragon
 36453 | D:15     | Killed a tengu reaver
 36467 | D:15     | Got the Papyrus of Evil Arts
 37194 | D:15     | Noticed Louise
 37240 | D:15     | Cast into level 2 of the Abyss (Louise)
 37472 | Abyss:2  | Noticed a bone dragon
 37485 | Abyss:2  | Found a corrupted altar of Lugonu.
 37795 | Abyss:2  | Found a broken altar of Ashenzari.
 38007 | Abyss:2  | Noticed an Executioner
 38008 | Abyss:2  | Noticed a bone dragon
 38153 | Abyss:2  | Found a corrupted altar of Lugonu.
 38369 | D:15     | Escaped the Abyss
 38440 | D:15     | Reached skill level 10 in Shields
 38718 | D:15     | Found a staircase to the Depths.
 39016 | D:15     | Received a gift from Nemelex Xobeh
 39596 | D:15     | Killed Louise
 39619 | D:15     | Found Moudghyu's Antique Weapon Shoppe.
 39625 | D:15     | Noticed Rupert
 39632 | D:15     | Killed Rupert
 39633 | D:15     | Reached skill level 10 in Dodging
 41367 | Snake:1  | Received a gift from Nemelex Xobeh
 41820 | Snake:1  | Reached XP level 17. HP: 121/131 MP: 22/27
 41921 | Snake:1  | Received a gift from Nemelex Xobeh
 42366 | Snake:1  | Received a gift from Nemelex Xobeh
 43079 | Snake:2  | Received a gift from Nemelex Xobeh
 43514 | Snake:2  | Found a runed translucent gate.
 43517 | Snake:2  | Found a runed translucent gate.
 43518 | Snake:2  | Found a runed translucent gate.
 43520 | Snake:2  | Noticed Akuuror's ghost (adept GrFi)
 44243 | Snake:1  | Reached skill level 15 in Invocations
 45993 | Snake:2  | Received a gift from Nemelex Xobeh
 46211 | Snake:3  | Found Zahueklubb's Weapon Boutique.
 46314 | Snake:3  | Found Luzai's Armour Boutique.
 46314 | Snake:3  | Found Barrejur's Armour Shop.
 46319 | Snake:3  | Found Februk's Magic Scroll Shop.
 46325 | Snake:3  | Bought a scroll of teleportation for 57 gold pieces
 46737 | Snake:3  | Received a gift from Nemelex Xobeh
 47601 | Snake:4  | Entered Level 4 of the Snake Pit
 47830 | Snake:4  | Received a gift from Nemelex Xobeh
 47905 | Snake:3  | Reached XP level 18. HP: 30/142 MP: 26/29
 48860 | Snake:4  | Noticed a golden dragon
 48860 | Snake:4  | a nagaraja changed into a golden dragon
 48860 | Snake:4  | Noticed a golden dragon
 48860 | Snake:4  | a salamander tyrant changed into a golden dragon
 48861 | Snake:4  | a golden dragon changed into a jorogumo
 48861 | Snake:4  | a golden dragon changed into a fire dragon
 49588 | Snake:4  | Noticed Kirke
 49601 | Snake:4  | Killed Kirke
 49602 | Snake:4  | Reached skill level 15 in Maces & Flails
 49842 | Snake:4  | Received a gift from Nemelex Xobeh
 49961 | Snake:4  | Got a serpentine rune of Zot
 50196 | Shoals:1 | Entered Level 1 of the Shoals
 51406 | Shoals:1 | Found Qouqu's Assorted Antiques.
 51703 | Shoals:1 | Noticed Donald
 51730 | Shoals:1 | Mangled by Donald

Illustrated notes

Levels and vault maps discovered:
D:1:      dpeg_chamrin_arrival_tetris, layout_basic,
          hellmonk_ecumenical_altar_inner_sanctum, st_stairs_12
D:2:      minmay_general_purpose_star, layout_basic, uniq_crazy_yiuf_cottage
D:3:      layout_basic, kennysheep_slug_shrine, feat_on_display, uniq_sigmund,
          uniq_jessica, uniq_robin
D:4:      layout_basic, serial_shops, nicolae_shop_hallway_plus,
          hangedman_feature_mirror
D:5:      layout_gridville, gammafunk_temple_overflow_statue, uniq_edmund
D:6:      layout_rooms, minmay_temple_entry_purple_smoke, minmay_bent
D:7:      layout_basic, minmay_misc_feat_ornament
D:8:      layout_loops_ring, mainiacjoe_overflow_alcove_3
D:9:      minmay_four_partial_circles, layout_cave_pools
D:10:     layout_long_grid, uniq_psyche
D:11:     layout_loops_cross, david_lair_shrubbed, uniq_nergalle
D:12:     layout_loops_ring, nicolae_hepliaklqana_monster_ancestors,
          uniq_gastronok, uniq_azrael, uniq_nessos
D:13:     layout_basic, david_vaults_1, grunt_qazlal_sundering
D:14:     kennysheep_big_flooded_room, layout_basic, minivault_25, serial_bayou,
          serial_bayou_pond_b, serial_bayou_pond_c, serial_bayou_shore_b,
          serial_bayou_lake_a, portal_ice_cave_entry_ugly_swarm, uniq_roxanne
D:15:     gammafunk_depths_entry_grave, layout_long_grid, serial_shops, shop,
          minmay_diamond_spiral, uniq_louise, uniq_rupert
Lair:1:   kb_forest_paths, layout_gridlike, infiniplex_staircase_pool
Lair:2:   layout_regular_city, shoals_dummy_entry, guppyfry_snake_entry_garden
Lair:3:   layout_small_grid, hibernation_bobbens, lemuel_fruit_tree, uniq_urug
Lair:4:   layout_layer_cave, enter_volcano_2, beast_lair_carwin_2,
          grunt_megastairs_3
Lair:5:   layout_cave_shapes
Lair:6:   hellmonk_lair_end_abyssal_woods, layout_regular_city, slime_dummy,
          lemuel_fruit_fields, grunt_megastairs_5
Shoals:1: layout_shoals, serial_shops, shop_fountains, uniq_donald
Snake:1:  layout_grid_maze, serial_bayou_shore_a
Snake:2:  layout_layer_cave, gammafunk_ghost_necromancy
Snake:3:  layout_chambers, minmay_shoptagon
Snake:4:  snake_pit, layout_basic, serial_curves, eino_curves_02,
          eino_curves_02, uniq_kirke
Orc:1:    layout_caves, minmay_orc_temple_a
Orc:2:    kennysheep_orc_mage_school, layout_caves, nicolae_orc_pool_cavern

Skill      XL: |  1  2  3  4  5  6  7  8  9 10 11 12 13 14 15 16 17 18 |
---------------+-------------------------------------------------------+-----
Axes           | 4 |  4.9
Maces & Flails | 2 4 5 7 9 12 13 14 15 | 15.4
Armour         | 4 6 10 | 10.2
Fighting       | 5 7 9 10 11 12 | 12.6
Invocations    | 8 11 12 14 15 | 15.3
Shields        | 3 4 7 10 12 14 | 14.2
Evocations     | 9 |  9.4
Dodging        | 7 10 | 10.0
Stealth        | |  2.0

Action                   |  1- 3 |  4- 6 |  7- 9 | 10-12 | 13-15 | 16-18 || total
-------------------------+-------+-------+-------+-------+-------+-------++-------
Melee: Hand axe          |   122 |    40 |       |       |       |       ||   162
       Punch             |     2 |       |       |       |       |       ||     2
       Mace              |       |   136 |    26 |       |       |       ||   162
       Morningstar       |       |       |   217 |   558 |  1113 |  1578 ||  3466
       Flail             |       |       |       |       |    11 |       ||    11
 Fire: Hunting sling     |       |       |       |    18 |       |     6 ||    24
Throw: Dart              |       |       |     5 |       |       |     2 ||     7
       Throwing net      |       |       |       |     1 |       |     4 ||     5
       Javelin           |       |       |       |       |       |    11 ||    11
Invok: Draw Destruction  |     1 |     5 |    10 |    22 |    66 |    64 ||   168
       Draw Escape       |       |       |       |     1 |     2 |     9 ||    12
       Draw Summoning    |       |       |       |       |     7 |    14 ||    21
       Stack Five        |       |       |       |       |     1 |       ||     1
       Draw Stack        |       |       |       |       |     2 |     2 ||     4
       Deal Four         |       |       |       |       |       |     2 ||     2
Evoke: Wand              |       |       |       |       |       |     3 ||     3
  Use: Potion            |       |     1 |       |       |     2 |     9 ||    12
       Scroll            |       |       |       |    14 |    16 |    14 ||    44
 Stab: Held in net/web   |       |       |       |     2 |       |       ||     2
       Distracted        |       |       |       |       |     1 |       ||     1
Armor: Robe              |    12 |       |       |       |       |       ||    12
       Chain mail        |    66 |   133 |    31 |       |       |       ||   230
       Plate armour      |       |       |   202 |   420 |   983 |  1123 ||  2728
Dodge: Dodged            |    54 |    64 |    67 |   130 |   314 |   685 ||  1314
Block: Buckler           |     5 |    53 |    74 |   115 |   364 |   450 ||  1061
       Reflection        |     1 |     1 |     2 |    11 |     7 |    26 ||    48
       Tower shield      |       |       |       |       |       |   910 ||   910
